 Dungeon Crawl Stone Soup version 0.31.0-11-ge490571c62 (webtiles) character file.

Game seed: 564459566727267848

5049 monsoonserge the Cleaver (level 10, -2/86 HPs)
             Began as a Hill Orc Fighter on Jan 31, 2024.
             Was an Elder of Zin.
             Slain by an orc warrior
             ... wielding a +0 glaive
              (5 damage)
             ... on level 8 of the Dungeon.
             The game lasted 00:19:43 (7079 turns).

monsoonserge the Cleaver (Hill Orc Fighter)         Turns: 7079, Time: 00:19:43

Health: -2/86      AC: 12    Str: 33    XL:     10   Next: 56%
Magic:  17/17      EV: 12    Int: 14    God:    Zin [****..]
Gold:   351        SH:  5    Dex: 13    Spells: 9/9 levels left

rFire   + . .        A - +3 war axe (freeze)
rCold   . . .        c - +0 buckler
rNeg    . . .        L - +3 leather armour "Amisi" {Str+6 Int+3}
rPois   ∞            m - +0 helmet
rElec   .            x - +0 cloak
rCorr   .            (no gloves)
SInv    .            k - +2 pair of boots
Will    .....        (no amulet)
Stlth   ++           p - ring of protection from fire
HPRegen 0.34/turn    t - ring of flight
MPRegen 0.15/turn

%: no passive effects
@: vitalised, on recite cooldown, flying
A: no striking features
a: Renounce Religion, Recite, Vitalisation, Imprison, Donate Gold


You were on level 8 of the Dungeon.
You worshipped Zin.
Zin was greatly pleased with you.
You visited 2 branches of the dungeon, and saw 9 of its levels.

You collected 390 gold pieces.
You donated 39 gold pieces to Zin.

Inventory:

Hand Weapons
 A - a +3 war axe of freezing (weapon)
Missiles
 h - 5 javelins
 y - 5 atropa-tipped darts
 B - 7 poisoned darts (quivered)
 D - 11 boomerangs
Armour
 c - a +0 buckler (worn)
 k - a +2 pair of boots (worn)
 m - a +0 helmet (worn)
 x - a +0 cloak (worn)
 J - a +3 leather armour of fire resistance
 L - the +3 leather armour "Amisi" (worn) {Str+6 Int+3}
   (You found it on level 8 of the Dungeon)

   Str+6:     It affects your strength (+6).
   Int+3:     It affects your intelligence (+3).
Jewellery
 f - a ring of wizardry
 p - a ring of protection from fire (left hand)
 t - a ring of flight (right hand)
 u - an amulet of faith
Wands
 d - a wand of iceblast (14)
 o - a wand of flame (9)
Scrolls
 b - 3 scrolls of teleportation {unknown}
 e - 7 scrolls of identify {unknown}
 i - a scroll of immolation {unknown}
 j - a scroll of fear {unknown}
 l - 2 scrolls of noise {unknown}
 q - 2 scrolls of brand weapon {unknown}
 s - 2 scrolls of poison {unknown}
 z - 2 scrolls of vulnerability {unknown}
 C - a scroll of torment {unknown}
 E - a scroll of silence {unknown}
 F - a scroll of revelation {unknown}
Potions
 a - a potion of might
 g - 5 potions of curing
 n - a potion of experience {unknown}
 r - 2 potions of lignification {unknown}
 v - 4 potions of brilliance {unknown}
 w - 2 potions of degeneration {unknown}
 G - a potion of enlightenment {unknown}
 H - a potion of berserk rage {unknown}
 I - a potion of ambrosia {unknown}
 K - a potion of heal wounds


   Skills:
 + Level 7.4 Fighting
 + Level 11.4 Axes
 + Level 2.1 Throwing
 + Level 6.1 Armour
 + Level 2.9 Dodging
 + Level 2.3 Stealth
 + Level 5.2 Shields
 * Level 10.3 Invocations


You had 9 spell levels left.
You didn't know any spells.
Your spell library contained the following spells:

 Spells                   Type           Power      Damage    Failure   Level
 Foxfire                  Conj/Fire      0%         2x1d4     34%         1
 Cigotuvi's Dreadful Rot  Necr/Alch/Air  0%         N/A       47%         2
 Ensorcelled Hibernation  Hex/Ice        0%         N/A       47%         2
 Passwall                 Erth           0%         N/A       71%         3
 Swiftness                Air            0%         N/A       71%         3
 Ignite Poison            Fire/Alch      0%         N/A       98%         4
 Freezing Cloud           Conj/Ice/Air   0%         6-21      100%        5
 Plasma Beam              Fire/Air       0%         2x1d10    100%        6
 Starburst                Conj/Fire      0%         6d3       100%        6


Dungeon Overview and Level Annotations

Branches:
Dungeon (8/15)             Temple (1/1) D:7
   Lair: D:8-11

Altars:
Ashenzari
Cheibriados
Dithmenos
Elyvilon
Fedhas
Gozag
Hepliaklqana
Kikubaaqudgha
Makhleb
Nemelex Xobeh
Okawaru
Qazlal
Ru
Sif Muna
Trog
Uskayaw
Vehumet
Wu Jian
Xom
Yredelemnul
Zin
The Shining One

Shops:
D:1 (   D:8 ?

Annotations:
D:7 1 runed translucent door, Crazy Yiuf


Message History

The orc warrior closely misses you. The two-headed ogre misses you.
The two-headed ogre hits you but does no damage.
Unknown command.
Press: ? - help, v - describe, . - travel, g - get item
Here: a two-headed ogre, wielding two +0 giant clubs (moderately wounded, dazed)
Items here: )))))) ? [[[[[ ††††.
The floor, spattered with blood.
You hit the two-headed ogre. You freeze the two-headed ogre.
The two-headed ogre is heavily wounded.
The orc warrior hits you from afar with a +0 glaive.
* * * LOW HITPOINT WARNING * * *
The two-headed ogre hits you with a +0 giant club.
* * * LOW HITPOINT WARNING * * *
The two-headed ogre misses you.
You slash the two-headed ogre! You freeze the two-headed ogre.
The two-headed ogre is heavily wounded.
The orc warrior stops glowing.
The orc warrior hits you from afar with a +0 glaive.
* * * LOW HITPOINT WARNING * * *
The gnoll sergeant misses the gnoll.
Unknown command.
You slash the two-headed ogre! You freeze the two-headed ogre.
The two-headed ogre is severely wounded.
The gnoll sergeant hits the two-headed ogre with a +3 trident!
The two-headed ogre is killed!
The gnoll sergeant hits itself with a +3 trident.
The orc warrior hits you from afar with a +0 glaive.
* * * LOW HITPOINT WARNING * * *
Your life force feels restored.
You hit the gnoll. You freeze the gnoll.
You kill the gnoll!
The orc warrior hits you from afar with a +0 glaive.
* * * LOW HITPOINT WARNING * * *
Unknown command.
The orc warrior attacks as it pursues you!
The orc warrior closely misses you.
The gnoll sergeant hits the orc warrior with a +3 trident!
The orc warrior attacks as it pursues you!
The orc warrior hits you from afar with a +0 glaive.
You die...

##..##...#### ##.##..### ......##
####.. .#....######## ### ......
...##.........#.. ).....
####.^#######... ##......
......#.....##(# ######.#o.$$$..
####...#####.#)####......#..$∩$..
#####.##+.B#.#.)@.o...####..$$$..
......#.#.<#.#.###..#o.g.)g.)....
####..#.####.#.)......####)......
#..##....##..).....# #.)....
#...######...).....# [.....
###........######### .....
########## ..).. .g.. ....


You could see an orc warrior, a gnoll sergeant and an orc wizard (blind, unable
to see you, mute).

Vanquished Creatures
  A two-headed ogre (D:8)
  Pikel (D:5)
  Prince Ribbit (D:7)
  6 yaks (D:6)
  A steam dragon (D:5)
  Duvessa (D:7)
  2 orc warriors
  A black bear (D:6)
  A sky beast (D:7)
  3 lemures (D:5)
  3 bullfrogs
  2 scorpions
  14 wights
  Dowan (D:7)
  A bombardier beetle (D:4)
  2 howler monkeys
  5 jellies
  5 orc priests
  2 sleepcaps (D:6)
  2 gnoll boudas (D:6)
  3 hounds
  An iguana (D:6)
  7 orc wizards
  9 adders
  15 gnolls
  3 white imps
  3 ribbon worms
  7 dart slugs
  28 orcs
  8 ball pythons
  11 endoplasms
  3 giant cockroaches
  8 goblins
  6 hobgoblins
  3 quokkas
  6 bats
  4 frilled lizards
  8 kobolds
  2 rats
190 creatures vanquished.

Vanquished Creatures (others)
  A gnoll (D:6)
1 creature vanquished.

Grand Total: 191 creatures vanquished

Notes
Turn   | Place    | Note
-------+----------+-------------------------------------------
     0 | D:1      | monsoonserge the Hill Orc Fighter began the quest for the
                  | Orb.
     0 | D:1      | Reached XP level 1. HP: 19/19 MP: 1/1
    97 | D:1      | Reached XP level 2. HP: 27/27 MP: 2/2
   153 | D:1      | Reached skill level 3 in Axes
   198 | D:1      | Found a faded altar of an unknown god.
   213 | D:1      | Prayed at the altar of an unknown god.
   213 | D:1      | Became a worshipper of Zin the Law-Giver
   213 | D:1      | Reached * piety under Zin
   242 | D:1      | Found Mikien's Weapon Boutique.
   426 | D:1      | Reached XP level 3. HP: 33/33 MP: 3/3
   549 | D:2      | Reached ** piety under Zin
   673 | D:2      | Reached skill level 1 in Invocations
   931 | D:2      | Reached XP level 4. HP: 35/40 MP: 3/5
   988 | D:2      | HP: 2/40 [gnoll/+0 halberd (12)]
   989 | D:2      | Reached skill level 4 in Axes
  1392 | D:3      | Reached XP level 5. HP: 46/46 MP: 6/6
  1428 | D:3      | Found a hide-covered altar of Uskayaw.
  2139 | D:4      | Reached skill level 5 in Axes
  2239 | D:4      | Reached XP level 6. HP: 41/52 MP: 7/7
  2437 | D:4      | Reached skill level 1 in Dodging
  2801 | D:5      | Entered Level 5 of the Dungeon
  2858 | D:5      | Reached skill level 6 in Axes
  3051 | D:5      | Found a white marble altar of Elyvilon.
  3133 | D:5      | Reached XP level 7. HP: 60/60 MP: 9/9
  3394 | D:5      | Reached *** piety under Zin
  3499 | D:5      | Reached skill level 5 in Armour
  3639 | D:5      | Noticed Pikel
  3842 | D:6      | Reached skill level 7 in Axes
  3870 | D:6      | Reached skill level 5 in Fighting
  3870 | D:6      | Reached XP level 8. HP: 41/68 MP: 11/11
  3892 | D:5      | Reached skill level 5 in Invocations
  3991 | D:5      | Reached skill level 8 in Axes
  4164 | D:6      | Reached **** piety under Zin
  4230 | D:6      | Reached skill level 1 in Throwing
  4389 | D:6      | Reached skill level 1 in Stealth
  4526 | D:6      | Noticed a yak
  4977 | D:5      | Killed Pikel
  4978 | D:5      | Reached skill level 9 in Axes
  4978 | D:5      | Reached XP level 9. HP: 38/75 MP: 12/14
  5172 | D:6      | Reached skill level 5 in Shields
  5191 | D:6      | Reached skill level 10 in Axes
  5194 | D:6      | HP: 1/75 [yak (13)]
  5202 | D:6      | HP: 1/78 [yak (9)]
  5634 | D:7      | Noticed Prince Ribbit
  5765 | D:7      | Killed Prince Ribbit
  5802 | D:7      | Found a staircase to the Ecumenical Temple.
  5820 | Temple   | Entered the Ecumenical Temple
  5852 | D:7      | Reached XP level 10. HP: 73/84 MP: 16/16
  6053 | D:7      | Reached skill level 11 in Axes
  6160 | D:7      | Noticed Duvessa
  6160 | D:7      | Noticed Dowan
  6171 | D:7      | Killed Dowan
  6171 | D:7      | Killed Duvessa
  6612 | D:7      | Found a runed translucent door.
  6613 | D:7      | Noticed Crazy Yiuf
  6964 | D:8      | Found a snail-covered altar of Cheibriados.
  7022 | D:8      | Found Dedwejan's Magic Scroll Shoppe.
  7022 | D:8      | Identified the +3 leather armour "Amisi" {Str+6 Int+3}
  7055 | D:8      | Noticed a two-headed ogre
  7065 | D:8      | Reached skill level 10 in Invocations
  7070 | D:8      | Killed a two-headed ogre
  7070 | D:8      | HP: 4/85 [orc warrior/+0 glaive (2)]
  7071 | D:8      | HP: 1/86 [orc warrior/+0 glaive (4)]
  7079 | D:8      | Slain by an orc warrior

Illustrated notes

Levels and vault maps discovered:
D:1:      lightli_arrival_statuegarden, layout_rooms,
          ebering_ecumenical_altar_rust, serial_shops,
          nicolae_shop_bloodbath_and_beyond
D:2:      layout_basic
D:3:      layout_basic, old_standard_altar, hangedman_abyss_or_decor_stabs,
          st_stairs_14
D:4:      layout_basic
D:5:      layout_basic, elyvilon_altar_1, nicolae_kite_square_tiling_tiny,
          uniq_pikel
D:6:      layout_loops_cross
D:7:      layout_gridville, minmay_temple_entry_trees, uniq_prince_ribbit1,
          uniq_duvessa, uniq_crazy_yiuf_cottage
D:8:      layout_rooms, chei_slow_surprise, serial_shops, shop_coins
Temple:   nicolae_temple_bog_church

Skill      XL: |  1  2  3  4  5  6  7  8  9 10 |
---------------+-------------------------------+-----
Axes           | 3 4 5 6 7 9 10 11 | 11.4
Fighting       | 4 5 6 7 |  7.4
Invocations    | 1 2 3 4 7 8 10 | 10.3
Armour         | 4 5 6 |  6.1
Dodging        | 1 2 |  2.9
Shields        | 4 5 |  5.2
Throwing       | 1 2 |  2.1
Stealth        | 1 2 |  2.3

Action                     |  1- 3 |  4- 6 |  7- 9 | 10-12 || total
---------------------------+-------+-------+-------+-------++-------
  Melee: War axe           |   111 |   167 |   194 |    79 ||   551
  Throw: Dart              |       |       |    18 |       ||    18
         Javelin           |       |       |     2 |       ||     2
 Invoke: Recite            |     2 |     5 |    10 |     5 ||    22
         Vitalisation      |       |       |     1 |     2 ||     3
  Evoke: Wand              |       |       |       |     1 ||     1
    Use: Potion            |       |       |     4 |       ||     4
   Stab: Invisible         |       |     1 |     1 |     2 ||     4
         Confused          |       |       |     4 |       ||     4
         Sleeping          |       |       |       |     1 ||     1
 Armour: Scale mail        |    88 |       |       |       ||    88
         Chain mail        |    17 |   161 |    76 |       ||   254
         Steam dragon scal |       |       |    72 |    15 ||    87
         Leather armour    |       |       |       |    41 ||    41
  Dodge: Dodged            |    67 |    65 |    63 |    42 ||   237
  Block: Buckler           |    37 |    31 |    32 |    14 ||   114
